Unix NetHack Version 5.0.0-0 post-release - last build Jun 10 2026 00:39:30 (3ee93aec679c4c4259841fe613dc97188e26a321,branch:main).

Game began 2026-06-15 20:04:33, ended 2026-06-15 20:14:42.

CyberFan, neutral female human Tourist

                        ---     ---
                        |.       .
                        |.-      .-      ----
                        |.|      .|      |..
                        |.|  ----.+      |.
                        |.|  |..|.|      |.     - -----
             ###########..-+--..|.--     -|---  ..-.%%|
            ##          |....--|-..|  |  |........|
    -------##           |..........-..|-+-.-----  -
    |<....|#            |.{..--|-.----|....||/.|
    |......#############|....|..|.|...|...(d|//|
    |.....|            #|.--||((|.|...|.----|---
    -------            #|.| .|((|.|._.-.-..|
                       #|.|..|---.|...|.|..|
                       #|.----....-----.-----+-  -----  |
                       #|...............................|
                       #---------------------------------
                       ###########################

CyberFan the Excursionist   St:10 Dx:15 Co:13 In:14 Wi:7 Ch:17  Neutral
Dlvl:6  $:269 HP:0(37) Pw:17(17) AC:9  Xp:6/562 T:1764 

Latest messages:
 Your little dog eats a tripe ration.
 What do you want to eat? [fO or ?*]
 Blecch!  Rotten food!
 Everything suddenly goes dark.
 You finish eating the food ration.
 You can see again.
 The little dog drops a candle.
 You stop waiting.
 The little dog picks up a candle.
 The little dog drops a candle.
 The little dog drops a candle.
 In what direction?
 You throw 2 darts.
 The 1st dart hits the gnome.
 You kill the gnome!
 a - an uncursed +2 dart (at the ready) (9 in total).
 W - a tripe ration.
 a - an uncursed +2 dart (at the ready) (10 in total).
 You swap places with your little dog.
 You see here a candle.
 You see here a candle.
 You see here a candle.
 In what direction?
 The door resists!
 In what direction?
 The door resists!
 The little dog picks up a candle.
 In what direction?
 The door opens.
 The little dog drops a candle.
 "Aloha, CyberFan!  Welcome to Turriff's quality apparel and accessories!"
 The little dog picks up a candle.
 The little dog drops a candle.
 You see here a steel wand (for sale, 233 zorkmids).
 The little dog picks up a candle.
 You see here a redwood wand (for sale, 150 zorkmids).
 You see here an aluminum wand (for sale, 500 zorkmids).
 You see here a steel wand (for sale, 175 zorkmids).
 You see here an aluminum wand (for sale, 500 zorkmids).
 "For you, esteemed lady; only 500 zorkmids for this aluminum wand."
 X - an aluminum wand (unpaid, 500 zorkmids).
 You see here a steel wand (for sale, 175 zorkmids).
 The little dog drops a candle.
 What do you want to zap? [RX or ?*]
 "Ahem.  Usage fee, 125 zorkmids."
 In what direction?
 You kill Turriff!
 You murderer!
 The death ray bounces!
 The death ray hits you!

Inventory:
 Coins    ('$')
  $ - 269 gold pieces
 Weapons  (')')
  a - 10 uncursed +2 darts (at the ready)
  Q - a blessed +0 elven dagger
 Armor    ('[')
  M - an uncursed +0 pair of iron shoes
  J - a cursed -1 pair of iron shoes (being worn)
  C - an uncursed +0 orcish cloak
  k - an uncursed +0 Hawaiian shirt with a tropical fish motif (being worn)
 Comestibles  ('%')
  f - an uncursed clove of garlic
  O - an uncursed food ration
  W - an uncursed tripe ration
 Scrolls  ('?')
  x - a blessed scroll of identify
  L - an uncursed scroll of identify
  j - a blessed scroll of magic mapping
  u - an uncursed scroll of scare monster
  F - an uncursed scroll of scare monster
  o - an uncursed scroll of teleportation
 Potions  ('!')
  y - an uncursed potion of blindness
  h - an uncursed potion of extra healing
  U - an uncursed potion of gain level
  z - a blessed potion of hallucination
  r - 3 uncursed potions of healing
  s - a cursed potion of healing
  A - an uncursed potion of restore ability
  H - an uncursed potion of water
 Rings    ('=')
  E - an uncursed ring of sustain ability
 Wands    ('/')
  X - an uncursed wand of death (0:3)
  R - an uncursed wand of speed monster (0:4)
 Tools    ('(')
  I - an uncursed blindfold
  S - a blessed brass lantern (lit)
  m - an uncursed credit card
  T - an uncursed magic marker (0:37)
 Gems/Stones  ('*')
  P - an uncursed aquamarine stone
  p - an uncursed opal
  G - an uncursed worthless piece of green glass
  w - an uncursed worthless piece of orange glass
  K - an uncursed worthless piece of violet glass

CyberFan the Tourist's attributes:

Background:
 You were an Excursionist, a level 6 female human Tourist.
 You were neutral, nominally on a mission for The Lady
 who was opposed by Blind Io (lawful) and Offler (chaotic).
 You were right-handed.
 You were in the Gnomish Mines, on level 6.
 You entered the dungeon 1764 turns ago.
 There was a new moon in effect when your adventure ended.
 You had 562 experience points, 78 more were needed to attain level 7.

Basics:
 You had 0 out of 37 hit points.
 You had all 17 energy points (spell power).
 Your armor class was 9.
 Your wallet contained 269 zorkmids.
 Autopickup was on for '$%?!"=/*' plus thrown, with exceptions.

Final Characteristics:
 Your strength was 10 (limit:18/100).
 Your dexterity was 15 (limit:18).
 Your constitution was 13 (limit:18).
 Your intelligence was 14 (limit:18).
 Your wisdom was 7 (limit:18).
 Your charisma was 17 (limit:18).

Final Status:
 You weren't hungry.
 You were unencumbered.
 You were bare handed.
 You were unskilled in bare handed combat.

Final Attributes:
 You had strayed.
 You were unlucky.
 You are dead.

Miscellaneous:
 You disabled loading and storing of bones levels.
 Total elapsed playing time was 10 minutes and 8 seconds.

Major events:
 Turn
    1: CyberFan the neutral female human Tourist entered the dungeon
  323: entered the Gnomish Mines
  561: attained the rank of Sightseer (level 3)
 1658: attained the rank of Excursionist (level 6)
 1664: reached Mine Town
 1764: killed Turriff, the quality apparel and accessories proprietor
 1764: killed by a death ray

Spells:
 Name                 Level Category     Fail Retention
 light                  1   divination    23%  76%-100%

Skills:
 Fighting Skills
   bare handed combat [Unskilled]
   two weapon combat  [Unskilled]
   riding             [Unskilled]
 Weapon Skills
   dagger             [Unskilled]
   knife              [Unskilled]
   axe                [Unskilled]
   pick-axe           [Unskilled]
   short sword        [Unskilled]
   broadsword         [Unskilled]
   long sword         [Unskilled]
   two-handed sword   [Unskilled]
   saber              [Unskilled]
   mace               [Unskilled]
   morning star       [Unskilled]
   flail              [Unskilled]
   hammer             [Unskilled]
   quarterstaff       [Unskilled]
   polearms           [Unskilled]
   spear              [Unskilled]
   trident            [Unskilled]
   lance              [Unskilled]
   bow                [Unskilled]
   sling              [Unskilled]
   crossbow           [Unskilled]
   dart               [Skilled]
   shuriken           [Unskilled]
   boomerang          [Unskilled]
   whip               [Unskilled]
   unicorn horn       [Unskilled]
 Spellcasting Skills
   divination spells  [Unskilled]
   enchantment spells [Unskilled]
   escape spells      [Unskilled]

Voluntary challenges:
 Character rerolling was not enabled.
 You were an atheist.
 You never hit with a wielded weapon.
 You never genocided any monsters.
 You never polymorphed an object.
 You never changed form.
 You used no wishes.
Achievements:
 You entered the Gnomish Mines.
 You attained the rank of Sightseer.
 You attained the rank of Excursionist.
 You entered Minetown.
 You entered a temple.
 You entered a shop.

 The Dungeons of Doom: levels 1 to 5
    Level 1:
       A sink.
    Level 2:
       Many fountains.
       Stairs down to The Gnomish Mines.
    Level 3:
    Level 4:
    Level 5:
 The Gnomish Mines: levels 3 to 6
    Level 3:
    Level 4:
    Level 5:
    Level 6: <- You were here.
       An untended shop, a temple and an altar to The Lady, a fountain.
       Final resting place for
          you, killed by a death ray.


Vanquished creatures:
  a shopkeeper
  a gnome leader
  4 gnomish wizards
  a floating eye
  4 dwarves
  a kobold leader
  a giant bat
  a large kobold
  a giant rat
 20 gnomes
  a garter snake
  2 gnome zombies
  3 geckos
  a fox
  a kobold
  a goblin
  2 grid bugs
  6 lichens
  2 newts
54 creatures vanquished.

No species were genocided or became extinct.

Game over:
                       ----------
                      /          \
                     /    REST    \
                    /      IN      \
                   /     PEACE      \
                  /                  \
                  |     CyberFan     |
                  |      269 Au      |
                  |   killed by a    |
                  |    death ray     |
                  |                  |
                  |                  |
                  |       2026       |
                 *|     *  *  *      | *
        _________)/\\_//(\/(/\)/\//\/|_)_______

Aloha CyberFan the Tourist...

You died in The Gnomish Mines on dungeon level 6 with 2554 points,
and 269 pieces of gold, after 1764 moves.
You were level 6 with a maximum of 37 hit points when you died.

